 Dungeon Crawl Stone Soup version 5.1-80-g04056d8 (webtiles) character file.

6321 Amnesiac the Quickloader (level 12, -1/88 HPs)
             Began as a Spriggan Hunter on Nov 9, 2017.
             Was a High Priest of Okawaru.
             Splashed by a tengu reaver's acid (10 damage)
             ... on level 12 of the Dungeon.
             The game lasted 00:36:54 (12360 turns).

Amnesiac the Quickloader (Spriggan Hunter)         Turns: 12360, Time: 00:36:54

Health: -1/88      AC: 28 (48%)Str: 12  XL:     12   Next: 21%
Magic:  0/11       EV:  4    Int: 17    God:    Okawaru [5*[150]]
Gold:   788        SH:  0    Dex: 16    Spells: 9/19 levels left

rFire    . . .     SeeInvis +   a - +9 triple crossbow (freeze) {god gift}
rCold    . . .     Faith    .   (shield currently unavailable)
rNeg     + + +     Spirit   +   (armour currently unavailable)
rPois    +         Reflect  .   (helmet currently unavailable)
rElec    .         NoTele   +   (cloak currently unavailable)
rCorr    .                      (gloves unavailable)
MR       ++...                  (boots unavailable)
Stlth    +++.......             f - amulet of guardian spirit
Regen    0.3/turn               m - +3 ring of intelligence
MPRegen  0.2/turn               (no ring)

@: tree-form, finesse, corroded, very slightly contaminated, repel missiles, icy
armour
A: unfitting armour, see invisible
a: End Ozocubu's Armour, Stop Repelling Missiles, Finesse, Renounce Religion


You were on level 12 of the Dungeon.
You worshipped Okawaru.
Okawaru was extremely pleased with you.
You were not hungry.
You were a tree.
You visited 1 branch of the dungeon, and saw 12 of its levels.

You collected 788 gold pieces.

Inventory:

Hand Weapons
 a - a +9 triple crossbow of freezing (weapon) {god gift}
 b - a +0 scimitar of flaming
 d - a +1 hand crossbow
 n - a +1 dagger of freezing
 u - a +0 dagger of draining
 x - a +4 quarterstaff of chaos
 L - a +0 shortbow
Missiles
 c - 15 curare darts
 w - 279 arrows
 B - 373 bolts (quivered)
Armour
 g - a +2 robe of cold resistance
 v - a +0 cloak (melded)
 C - a +2 robe of magic resistance
 H - a +2 robe of positive energy (melded)
Jewellery
 f - an amulet of guardian spirit (around neck)
 m - a +3 ring of intelligence (left branch)
Wands
 q - a wand of flame (24)
 s - a wand of polymorph (7)
 J - a wand of enslavement (7)
Scrolls
 e - 5 scrolls of amnesia {!r}
 r - 5 scrolls of enchant armour {!r}
 y - a scroll of fog {!r}
 z - 3 scrolls of fear {!r}
 A - 3 scrolls of teleportation {!r}
 D - a scroll of vulnerability {!r}
 E - a scroll of magic mapping {!r}
Potions
 h - 2 potions of mutation {!q}
 i - 2 potions of lignification {!q}
 k - 3 potions of curing {!q}
 l - 2 potions of berserk rage {!q}
 o - a potion of ambrosia {!q}
 p - 5 potions of augmentation {!q}
 t - a potion of invisibility {!q}
 F - a potion of cancellation {!q}
 K - 2 potions of haste {!q}


   Skills:
 - Level 4.9(8.9) Fighting
 + Level 5.3(9.3) Blades
 - Level 9.1(13.1) Bows
 - Level 12.1(16.1) Crossbows
 - Level 12.0(16.0) Dodging
 - Level 1.5(5.5) Stealth
 - Level 4.0 Spellcasting
 - Level 7.1 Charms
 - Level 2.1 Ice Magic
 - Level 6.5 Invocations


You had 9 spell levels left.
You knew the following spells:

 Your Spells              Type           Power        Failure   Level  Hunger
a - Ozocubu's Armour      Chrm/Ice       19 (100)     22%         4    N/A
b - Repel Missiles        Chrm/Air       15 (100)     5%          2    N/A
c - Mephitic Cloud        Hex/Air        3 (100)      83%         4    N/A

Dungeon Overview and Level Annotations

Branches:
Dungeon (12/15)

Altars:
Cheibriados
Dithmenos
Elyvilon
Gozag
Hepliaklqana
Jiyva
Kikubaaqudgha
Makhleb
Okawaru
Qazlal
Ru
Sif Muna
Trog
Uskayaw
Vehumet
Xom
Yredelemnul
Zin
The Shining One


Innate Abilities, Weirdness & Mutations

You are tiny and cannot use many weapons and most armour.
You have supernaturally acute eyesight. (SInv)
((You cover ground very quickly.))


Message History

The vampire knight is severely damaged.
You feel sick.
Firing (i - inventory):
B - 378 bolts (quivered)
Press: ? - help, Shift-Dir - straight line, f/p - tengu reaver
Aim: a tengu reaver, wielding a +4 great mace of crushing and wearing a +3 ring mail of magic resistance (almost dead)
You shoot a bolt.
The bolt barely misses the vampire knight (0).
The bolt misses the tengu reaver (0).
The vampire knight barely misses you. The vampire knight bites you (1).
* * * LOW HITPOINT WARNING * * *
Firing (i - inventory):
B - 377 bolts (quivered)
Press: ? - help, Shift-Dir - straight line, f/p - tengu reaver
Aim: a tengu reaver, wielding a +4 great mace of crushing and wearing a +3 ring mail of magic resistance (almost dead)
You shoot a bolt. The bolt hits the vampire knight (8)!
The bolt freezes the vampire knight (2).
The vampire knight is severely damaged.
You feel sick.
The vampire knight hits you with a +3 demon whip of draining (7)!
* * * LOW HITPOINT WARNING * * *
The vampire knight barely misses you.
Firing (i - inventory):
B - 376 bolts (quivered)
Press: ? - help, Shift-Dir - straight line, f/p - tengu reaver
Aim: a tengu reaver, wielding a +4 great mace of crushing and wearing a +3 ring mail of magic resistance (almost dead)
You shoot a bolt. The bolt hits the vampire knight (15)!
The bolt freezes the vampire knight (1).
The vampire knight is almost destroyed.
The tengu reaver mumbles some strange words.
Nothing appears to happen.
The vampire knight hits you but does no damage.
The vampire knight bites you (4).
* * * LOW HITPOINT WARNING * * *
Unknown command.
Really quaff
k - 5 potions of curing {!q}?
You feel better.
The tengu reaver gestures at you while chanting.
The bolt of poison hits the vampire knight (0).
The vampire knight completely resists.
Helpless, you fail to dodge the bolt of poison.
You resist.
The vampire knight mumbles some strange words.
The vampire knight seems to speed up.
Really quaff
k - 4 potions of curing {!q}?
You feel better.
The vampire knight is infused with unholy energy, but nothing happens.
Firing (i - inventory):
B - 375 bolts (quivered)
Press: ? - help, Shift-Dir - straight line, f/p - tengu reaver
Aim: a tengu reaver, wielding a +4 great mace of crushing and wearing a +3 ring mail of magic resistance (almost dead)
You shoot a bolt.
The bolt barely misses the vampire knight (0).
The bolt barely misses the tengu reaver (0).
The vampire knight hits you but does no damage.
The vampire knight bites you but does no damage.
Firing (i - inventory):
B - 374 bolts (quivered)
Press: ? - help, Shift-Dir - straight line, f/p - tengu reaver
Aim: a tengu reaver, wielding a +4 great mace of crushing and wearing a +3 ring mail of magic resistance (severely wounded)
You shoot a bolt. The bolt hits the vampire knight (27)!!
You destroy the vampire knight!
Okawaru accepts your kill.
Your base Blades skill increases to level 5!
The tengu reaver casts a spell at you. The bolt of acid hits you!
That hurt (18)!
* * * LOW HITPOINT WARNING * * *
The acid corrodes you!
You are splashed with acid!
The acid burns (11)!
You die...

..#...................#(......#
#.#......##.......###.........#
..#.#### #######################
#...# ### #............... ....#
[.##..##.......##.. ....#
#########.########..8.##.8 #...#
.....'[Z#.'........##.....
....###.O...'[c#.'........##.....
....#..#########♣########..8.##.8
....#.#.'...OxQ)##..##.......##..
....##############...............
....### ########################
......# ..........#..##........
##....# .........##.##........
#...#.## #.....................
#......# ##.....................
...###.# #..............##......


You could see a tengu reaver, a two-headed ogre, an unseen horror (invisible), a
centaur and a blink frog simulacrum.

Vanquished Creatures
  A vampire knight (D:12)
  Erolcha (D:11)
  Erica (D:9)
  A two-headed ogre (D:11)
  A tengu warrior (D:12)
  An orc sorcerer (D:11)
  A manticore (D:11)
  A black mamba (D:10)
  2 cyclopes
  Psyche (D:9)
  4 spiny frogs
  A rime drake (D:10)
  A kobold demonologist (D:10)
  A tengu conjurer (D:12)
  4 trolls
  A meliai zombie (D:12)
  2 wyverns
  A shadow (D:10)
  13 yaks
  Eustachio (D:5)
  Duvessa (D:7)
  3 orc warriors
  A water moccasin (D:9)
  7 ice beasts
  2 wasps
  8 ogres
  6 centaurs
  2 blink frog skeletons
  22 big kobolds (D:10)
  3 bullfrogs
  A rime drake skeleton (D:8)
  A wyvern zombie (D:10)
  3 wyvern skeletons
  Dowan (D:7)
  2 water moccasin skeletons
  A scorpion (D:5)
  5 killer bees (D:10)
  5 crimson imps
  13 wights
  A vampire bat (D:8)
  A centaur zombie (D:8)
  A bullfrog skeleton (D:6)
  3 hounds
  Crazy Yiuf (D:5)
  3 orc wizards
  A centaur skeleton (D:12)
  3 jellies
  3 worker ants
  2 iguanas
  A hound skeleton (D:4)
  Samantha (D:2)
  8 adders
  4 gnolls (D:4)
  An ooze (D:1)
  An adder skeleton (D:4)
  18 orcs
  11 quokkas
  2 giant cockroaches
  2 gnoll zombies (D:5)
  17 goblins
  9 hobgoblins
  9 jackals
  2 ball pythons (D:3)
  13 bats
  3 frilled lizards
  9 kobolds
  A quokka skeleton (D:5)
  13 rats
271 creatures vanquished.

Vanquished Creatures (others)
  A plant (D:11)
1 creature vanquished.

Grand Total: 272 creatures vanquished

Notes
Turn   | Place    | Note
-------+----------+-------------------------------------------
     0 | D:1      | Amnesiac the Spriggan Hunter began the quest for the Orb.
     0 | D:1      | Reached XP level 1. HP: 10/10 MP: 2/2
   119 | D:1      | Reached XP level 2. HP: 3/15 MP: 3/3
   974 | D:2      | Reached XP level 3. HP: 18/18 MP: 4/4
  1060 | D:2      | Found a shimmering altar of Xom.
  1064 | D:2      | Found a hazy altar of Hepliaklqana.
  1064 | D:2      | Found a snail-covered altar of Cheibriados.
  1133 | D:2      | Noticed a hand axe
  1133 | D:2      | Noticed a dagger
  1139 | D:2      | Found a hide-covered altar of Uskayaw.
  1398 | D:2      | Found a faded altar of an unknown god.
  1634 | D:2      | Found a glowing golden altar of the Shining One.
  1665 | D:2      | Found a shadowy altar of Dithmenos.
  1673 | D:2      | Found an iron altar of Okawaru.
  1675 | D:2      | Reached skill level 5 in Crossbows
  1682 | D:2      | Became a worshipper of Warmaster Okawaru
  1722 | D:2      | Noticed Samantha
  1741 | D:2      | Killed Samantha
  1741 | D:2      | Reached XP level 4. HP: 23/23 MP: 5/5
  1824 | D:2      | Found a sacrificial altar of Ru.
  1971 | D:3      | Found a white marble altar of Elyvilon.
  2294 | D:3      | Reached XP level 5. HP: 25/26 MP: 6/6
  2444 | D:3      | Reached skill level 5 in Dodging
  2550 | D:3      | Found a deep blue altar of Sif Muna.
  2834 | D:4      | Noticed an ogre
  3006 | D:4      | Killed an ogre
  3006 | D:4      | Reached * piety under Okawaru
  3006 | D:4      | Reached XP level 6. HP: 30/30 MP: 7/7
  3158 | D:4      | Found a burning altar of Makhleb.
  3289 | D:4      | Found a viscous altar of Jiyva.
  3427 | D:4      | Found a stormy altar of Qazlal.
  3459 | D:5      | Entered Level 5 of the Dungeon
  3557 | D:5      | Noticed an ice beast
  3603 | D:5      | Killed an ice beast
  3603 | D:5      | Reached XP level 7. HP: 27/35 MP: 8/8
  3676 | D:5      | Found a radiant altar of Vehumet.
  3732 | D:5      | Reached ** piety under Okawaru
  3997 | D:5      | Reached XP level 8. HP: 31/39 MP: 9/9
  4149 | D:5      | Found a basalt altar of Yredelemnul.
  4213 | D:5      | Noticed Eustachio
  4258 | D:5      | Killed Eustachio
  4418 | D:5      | Reached *** piety under Okawaru
  4742 | D:5      | Found a runed door.
  4746 | D:5      | Noticed Crazy Yiuf
  4908 | D:5      | Killed Crazy Yiuf
  5038 | D:6      | Reached skill level 1 in Bows
  5147 | D:6      | Found a bloodstained altar of Trog.
  5358 | D:6      | Found a glowing silver altar of Zin.
  5358 | D:6      | Noticed an angel
  5634 | D:7      | Found an opulent altar of Gozag.
  5734 | D:7      | Reached skill level 1 in Blades
  5822 | D:7      | Noticed Dowan
  5825 | D:7      | Noticed Duvessa
  5848 | D:7      | Killed Dowan
  5943 | D:7      | Reached skill level 5 in Bows
  5943 | D:7      | Reached XP level 9. HP: 42/42 MP: 10/10
  5994 | D:7      | Found an ancient bone altar of Kikubaaqudgha.
  6232 | D:7      | Killed Duvessa
  6390 | D:8      | Learned a level 4 spell: Ozocubu's Armour
  6464 | D:8      | Noticed a spiny frog
  6594 | D:8      | Killed a spiny frog
  6594 | D:8      | Reached **** piety under Okawaru
  6777 | D:8      | Received a gift from Okawaru
  7072 | D:8      | Got the amulet of Wiesos {*Slow +Rage rN+ SInv}
  7628 | D:9      | Reached skill level 10 in Crossbows
  7636 | D:9      | Reached skill level 10 in Dodging
  7636 | D:9      | Reached XP level 10. HP: 40/47 MP: 9/11
  7831 | D:9      | Noticed Erica
  7960 | D:9      | Noticed Psyche
  8034 | D:9      | Killed Psyche
  8034 | D:9      | Received a gift from Okawaru
  8034 | D:9      | Reached skill level 1 in Spellcasting
  8471 | D:9      | Killed Erica
  8471 | D:9      | Reached skill level 1 in Ice Magic
  8814 | D:10     | Entered Level 10 of the Dungeon
  8830 | D:10     | Noticed a spiny frog
  8847 | D:10     | Killed a spiny frog
  9317 | D:10     | Noticed a black mamba
  9347 | D:10     | Noticed a cyclops
  9373 | D:10     | Killed a black mamba
  9373 | D:10     | Reached ***** piety under Okawaru
  9382 | D:10     | Killed a cyclops
  9761 | D:10     | Received a gift from Okawaru
  9829 | D:10     | Reached XP level 11. HP: 47/53 MP: 2/2
 10413 | D:10     | Received a gift from Okawaru
 11113 | D:11     | Noticed an orc sorcerer
 11121 | D:11     | Noticed a sixfirhy
 11164 | D:11     | Noticed a sixfirhy
 11196 | D:11     | Noticed a sixfirhy
 11196 | D:11     | Killed an orc sorcerer
 11196 | D:11     | Received a gift from Okawaru
 11341 | D:11     | Noticed Erolcha
 11373 | D:11     | Killed Erolcha
 11373 | D:11     | Reached skill level 5 in Charms
 11594 | D:11     | Noticed a two-headed ogre
 11602 | D:11     | Killed a two-headed ogre
 11602 | D:11     | Reached skill level 5 in Invocations
 12112 | D:12     | Reached XP level 12. HP: 40/58 MP: 13/13
 12116 | D:12     | Learned a level 2 spell: Repel Missiles
 12122 | D:12     | Learned a level 4 spell: Mephitic Cloud
 12165 | D:12     | Noticed a tengu warrior
 12174 | D:12     | Killed a tengu warrior
 12174 | D:12     | Received a gift from Okawaru
 12309 | D:12     | Noticed a tengu reaver
 12309 | D:12     | Noticed a vampire knight
 12311 | D:12     | Noticed a two-headed ogre
 12360 | D:12     | Killed a vampire knight
 12360 | D:12     | Reached skill level 5 in Blades
 12360 | D:12     | Splashed by a tengu reaver's acid

Skill      XL: |  1  2  3  4  5  6  7  8  9 10 11 12 |
---------------+-------------------------------------+-----
Fighting       | 2 4 |  4.9
Dodging        | 4 5 6 8 9 10 11 12 | 12.0
Crossbows      | 5 6 7 8 9 10 11 12 | 12.1
Bows           | 5 9 |  9.1
Blades         | 2 3 5 |  5.3
Spellcasting   | 2 4 |  4.0
Charms         | 4 7 |  7.1
Ice Magic      | 2 |  2.1
Invocations    | 6 |  6.5
Stealth        | |  1.5

Action                   |  1- 3 |  4- 6 |  7- 9 | 10-12 || total
-------------------------+-------+-------+-------+-------++-------
Melee: Dagger            |    60 |   145 |    91 |       ||   296
       Spear             |    78 |     2 |    53 |       ||   133
       Punch             |       |       |     1 |     4 ||     5
       Quarterstaff      |       |       |     5 |    54 ||    59
       Scimitar          |       |       |       |   141 ||   141
 Fire: Hand crossbow     |    14 |    87 |    59 |    87 ||   247
       Shortbow          |       |       |   377 |   485 ||   862
       Triple crossbow   |       |       |       |    58 ||    58
 Cast: Ozocubu's Armour  |       |       |       |     1 ||     1
       Repel Missiles    |       |       |       |     1 ||     1
Invok: Finesse           |       |       |       |     1 ||     1
Evoke: Wand              |       |       |     5 |     1 ||     6
  Use: Potion            |       |       |       |     8 ||     8
       Scroll            |       |       |       |     6 ||     6
 Stab: Sleeping          |     5 |     5 |     6 |     2 ||    18
       Paralysed         |       |       |       |     1 ||     1
Armor: Robe              |     9 |    10 |    14 |    33 ||    66
       Skin              |       |       |       |    26 ||    26
Dodge: Dodged            |    95 |   194 |   299 |   453 ||  1041
